 Dungeon Crawl Stone Soup version 0.31-a0-188-g5e087ee2ca (webtiles) character file.

Game seed: 1252535354190853827

294 qw the Skirmisher (level 6, -1/35 HPs)
             Began as a Deep Elf Hunter on June 23, 2023.
             Slain by a gnoll
             ... wielding a +0 halberd
              (10 damage)
             ... on level 4 of the Dungeon.
             The game lasted 00:01:04 (2323 turns).

qw the Skirmisher (Deep Elf Hunter)                 Turns: 2323, Time: 00:01:05

Health: -1/35      AC:  9    Str: 10    XL:     6   Next: 11%
Magic:  8/8        EV: 16    Int: 14    God:
Gold:   136        SH:  0    Dex: 18    Spells: 5/5 levels left

rFire   . . .        Y - +0 shortbow
rCold   . . .        (shield currently unavailable)
rNeg    + . .        e - +1 ring mail
rPois   .            (no helmet)
rElec   .            (no cloak)
rCorr   .            (no gloves)
SInv    .            k - +2 pair of boots
Will    .....        (no amulet)
Stlth   +            c - +5 ring of evasion
HPRegen 0.25/turn    b - ring of positive energy
MPRegen 0.11/turn

%: no passive effects
@: no status effects
A: no striking features
a: no special abilities


You were on level 4 of the Dungeon.
You visited 1 branch of the dungeon, and saw 4 of its levels.

You collected 136 gold pieces.


   Skills:
 - Level 2.0 Fighting
 + Level 9.6 Ranged Weapons
 - Level 2.4 Dodging
 - Level 1.2 Stealth


You had 5 spell levels left.
You didn't know any spells.
Your spell library was empty.

Inventory:

Hand Weapons
 Y - a +0 shortbow (weapon)
Armour
 e - a +1 ring mail (worn)
 k - a +2 pair of boots (worn)
Jewellery
 b - a ring of positive energy (right hand)
 c - a +5 ring of evasion (left hand)
Scrolls
 f - a scroll of identify
Potions
 a - a potion of attraction {unknown}
 d - a potion of might
 g - a potion of brilliance {unknown}
 j - a potion of invisibility {unknown}
 m - a potion of enlightenment

Dungeon Overview and Level Annotations

Branches:
Dungeon (4/15)
 Temple: D:4-7

Altars:

Shops:
D:2 (


Message History

The orc wizard flickers and vanishes!
Deactivating autopickup; reactivate with Ctrl-A.
The gnoll hits you but does no damage.
You shoot an arrow. The arrow hits the gnoll!
You kill the gnoll!
You shoot an arrow. The arrow hits the gnoll!
The gnoll is severely wounded.
You shoot an arrow. The arrow closely misses the gnoll.
The gnoll barely misses you. The gnoll completely misses you.
You shoot an arrow. The arrow hits the gnoll!
You kill the gnoll!
The orc hits you but does no damage. The gnoll completely misses you.
Your Fighting skill increases to level 2!
You shoot an arrow. The arrow hits the orc.
The orc is moderately wounded.
The gnoll hits you from afar with a +0 halberd!
You shoot an arrow.
The arrow hits the orc but does no damage.
The orc is moderately wounded.
The orc barely misses you. The gnoll completely misses you.
You shoot an arrow. The arrow hits the orc!
You kill the orc!
The gnoll barely misses you.
You shoot an arrow.
You hear some strange, mumbled words.
A magic dart appears from out of thin air!
The magic dart hits you. The gnoll misses you.
You shoot an arrow. The arrow hits the gnoll!
The gnoll is severely wounded.
Something barely misses you.
The gnoll hits you from afar with a +0 halberd.
You shoot an arrow. The arrow closely misses the gnoll.
You hear some strange, mumbled words.
A puff of flame appears from out of thin air!
The puff of flame hits you! The gnoll closely misses you.
You hear some strange, mumbled words.
A puff of flame appears from out of thin air!
The puff of flame hits you.
The gnoll hits you from afar with a +0 halberd!
You die...

#####....###?...###
#.../....'.......>##
#.###....###....#..###
#.# ###### #....#....[
#.##### #..^.####.#
#.....# #....# #.#
#####.# #....# #.. #.#
#....# ##. #@# ######
#) #){o.# ## ###g.=...
...... ..... .....
..). ....


You could see a gnoll and an orc.

Vanquished Creatures
  An ogre (D:3)
  An orc priest (D:3)
  An orc wizard (D:3)
  3 gnolls (D:4)
  4 adders
  2 dart slugs
  5 orcs
  8 ball pythons
  6 endoplasms
  3 giant cockroaches
  13 goblins
  13 hobgoblins
  3 quokkas
  7 bats
  4 frilled lizards
  4 kobolds
  2 rats (D:1)
80 creatures vanquished.

Notes
Turn   | Place    | Note
-------+----------+-------------------------------------------
     0 | D:1      | qw the Deep Elf Hunter began the quest for the Orb.
     0 | D:1      | Reached XP level 1. HP: 12/12 MP: 3/3
     0 | D:1      | 0 ||| qw: Version: 0.3-a-9-g12657ce
     0 | D:1      | 0 ||| qw: Game counter: 3691
     0 | D:1      | 0 ||| qw: Always use a shield: true
     0 | D:1      | 0 ||| qw: God list: Okawaru
     0 | D:1      | 0 ||| qw: Allow faded altars: false
     0 | D:1      | 0 ||| qw: Do Orc after D:15 true
     0 | D:1      | 0 ||| qw: Do second Lair branch before Depths: true
     0 | D:1      | 0 ||| qw: Lair rune preference: random
     0 | D:1      | 0 ||| qw: Plans: Normal
     0 | D:1      | 0 ||| PLANNING D:1-11
   232 | D:1      | Reached skill level 6 in Ranged Weapons
   232 | D:1      | Reached XP level 2. HP: 16/16 MP: 4/4
   760 | D:1      | 760 ||| UPGRADING to +0 ring mail.
   770 | D:1      | 770 ||| DROPPING +0 leather armour.
   771 | D:1      | 771 ||| UPGRADING to +2 pair of boots.
   776 | D:1      | 776 ||| READING 2 scrolls labelled XOIG OCIREET.
   779 | D:1      | 779 ||| READING scroll labelled SAYSTA SEUXUR.
   780 | D:1      | 780 ||| READING scroll labelled MUOPTA NUNAO.
   781 | D:1      | 781 ||| READING scroll labelled SERHOO SOAXULL.
   782 | D:1      | 782 ||| DROPPING scroll of butterflies.
   830 | D:2      | Reached XP level 3. HP: 7/20 MP: 5/5
   943 | D:2      | 943 ||| READING scroll of enchant armour.
   943 | D:2      | 943 ||| ENCHANTING +0 ring mail.
   997 | D:2      | Reached skill level 7 in Ranged Weapons
  1396 | D:2      | Reached XP level 4. HP: 21/25 MP: 6/6
  1614 | D:2      | Found Nonoic's Antique Weapon Shop.
  1691 | D:2      | 1691 ||| UPGRADING to +5 ring of evasion.
  1692 | D:2      | 1692 ||| READING scroll labelled OXUAREZ XECH.
  1693 | D:2      | 1693 ||| READING scroll labelled SUSTER QIUTEMIAH.
  1694 | D:2      | 1694 ||| READING scroll labelled JAYCUQ SAMPYWY.
  1695 | D:2      | 1695 ||| DRINKING 2 fuming green potions.
  1696 | D:2      | 1696 ||| READING 4 scrolls of identify.
  1696 | D:2      | 1696 ||| IDENTIFYING brown potion
  1697 | D:2      | 1697 ||| READING 3 scrolls of identify.
  1697 | D:2      | 1697 ||| IDENTIFYING metallic silvery potion
  1698 | D:2      | 1698 ||| READING 2 scrolls of identify.
  1698 | D:2      | 1698 ||| IDENTIFYING silvery potion
  1699 | D:2      | 1699 ||| DROPPING potion of berserk rage.
  1899 | D:3      | Reached skill level 8 in Ranged Weapons
  1900 | D:3      | HP: 4/25 [frozen (4)]
  1901 | D:3      | 1901 ||| READING scroll of teleportation.
  1902 | D:3      | 1902 ||| DRINKING 2 potions of heal wounds.
  1948 | D:3      | Reached XP level 5. HP: 29/29 MP: 7/7
  2095 | D:3      | Noticed an ogre
  2103 | D:3      | HP: 6/29 [ogre/+0 giant club (22)]
  2104 | D:3      | 2104 ||| READING scroll of teleportation.
  2105 | D:3      | 2105 ||| DRINKING potion of heal wounds.
  2157 | D:3      | Killed an ogre
  2158 | D:3      | Reached skill level 9 in Ranged Weapons
  2173 | D:3      | 2173 ||| UPGRADING to ring of positive energy.
  2174 | D:3      | 2174 ||| READING scroll labelled LONUBBUBLE.
  2311 | D:4      | Reached XP level 6. HP: 35/35 MP: 8/8
  2323 | D:4      | Slain by a gnoll

Levels and vault maps discovered:
D:1:      amcnicky_arrival_wind_blow, layout_basic, nrook_campfire
D:2:      layout_loops_corners, serial_shops, nicolae_shop_just_a_little_nook,
          minmay_misc_feat_plants
D:3:      layout_rooms, minmay_ogre_servants
D:4:      layout_basic, minmay_temple_entry_poolview, uniq_eustachio

Skill      XL: |  1  2  3  4  5  6 |
---------------+-------------------+-----
Ranged Weapons | 6 7 8 9 |  9.6
Fighting       | 2 |  2.0
Dodging        | |  2.4
Stealth        | |  1.2

Action                     |  1- 3 |  4- 6 || total
---------------------------+-------+-------++-------
   Fire: Shortbow          |   117 |   130 ||   247
    Use: Scroll            |     5 |     9 ||    14
         Potion            |       |     3 ||     3
 Armour: Ring mail         |    26 |    18 ||    44
         Leather armour    |     1 |       ||     1
  Dodge: Dodged            |    31 |    69 ||   100

Table legend:
 A = Non-vault XP
 B = Vault XP
 C = Vault XP percentage of total XP
 D = Non-vault monster count
 E = Vault monster count
 F = Vault count percentage of total count
                 A         B        C        D         E       F
            +---------+---------+-------+---------+---------+-------
      Total |     284 |     137 |  32.5 |      71 |       9 |  11.2
            +---------+---------+-------+---------+---------+-------
        D:1 |      37 |       0 |   0.0 |      20 |       0 |   0.0
        D:2 |      74 |       0 |   0.0 |      24 |       0 |   0.0
        D:3 |     127 |     137 |  51.9 |      22 |       9 |  29.0
        D:4 |      46 |       0 |   0.0 |       5 |       0 |   0.0
            +---------+---------+-------+---------+---------+-------
